 Dungeon Crawl Stone Soup version 0.29.1-13-g9f3cf754e1 (webtiles) character file.

Game seed: 17390283783667031572

13292 NimIero the Thaumaturge (level 11, -10/97 HPs)
             Began as a Red Draconian Conjurer on Jan 31, 2023.
             Was a Priest of Vehumet.
             Mangled by a komodo dragon (26 damage)
             ... on level 11 of the Dungeon.
             The game lasted 01:52:48 (14159 turns).

NimIero the Thaumaturge (Red Draconian Conjurer)   Turns: 14159, Time: 01:52:49

Health: -10/97     AC: 15    Str:  9    XL:     11   Next: 73%
Magic:  31/34      EV: 14    Int: 23    God:    Vehumet [***...]
Gold:   623        SH:  5    Dex: 10    Spells: 13/30 levels left

rFire   + . .      SeeInvis .   d - +2 dagger
rCold   . . .      Faith    .   E - +1 buckler
rNeg    + . .      Spirit   .   (body armour unavailable)
rPois   .          Reflect  .   A - +2 hat
rElec   .          Harm     .   L - +2 cloak
rCorr   .          Rampage  .   (no gloves)
Will    .....                   y - +2 pair of boots
Stlth   +++.......              (no amulet)
HPRegen 0.26/turn               w - ring of positive energy
MPRegen 0.24/turn               H - ring of magical power

@: no status effects
A: breathe fire, AC +7, unfitting armour, fire resistance 1, cold-blooded
a: Breathe Fire, Renounce Religion


You were on level 11 of the Dungeon.
You worshipped Vehumet.
Vehumet was most pleased with you.
You visited 2 branches of the dungeon, and saw 12 of its levels.
You also visited: Ossuary.

You collected 869 gold pieces.
You spent 246 gold pieces at shops.

Inventory:

Hand Weapons
 d - a +2 dagger (weapon)
 r - a +0 short sword
 D - a +0 short sword of venom
 O - a +0 dagger of holy wrath
Missiles
 c - 5 boomerangs
 B - 2 javelins
 J - 33 poisoned darts
 K - 2 curare-tipped darts
Armour
 y - a +2 pair of boots (worn)
 A - a +2 hat (worn)
 E - a +1 buckler (worn)
 L - a +2 cloak (worn)
Magical Staves
 u - a staff of earth
Jewellery
 w - a ring of positive energy (left hand)
 x - an amulet of faith
 H - a ring of magical power (right hand)
 M - a ring of wizardry
 N - a ring of resist corrosion
Wands
 g - a wand of light (4)
 p - a wand of flame (61)
 F - a wand of paralysis (6)
 P - a wand of iceblast (6)
Scrolls
 f - 11 scrolls of teleportation
 i - a scroll of butterflies
 n - 6 scrolls of identify
 o - a scroll of immolation
 s - a scroll of silence
 t - 2 scrolls of magic mapping
 I - 2 scrolls of noise
 Q - a scroll of blinking
 S - a scroll of fear
Potions
 a - 3 potions of magic
 b - 13 potions of curing
 e - 2 potions of resistance
 h - a potion of ambrosia
 j - 2 potions of mutation
 k - a potion of brilliance
 l - a potion of heal wounds
 m - 2 potions of haste
 q - 2 potions of flight
 v - 3 potions of might
 z - 2 potions of lignification
 C - 4 potions of attraction
 G - a potion of invisibility
 R - a potion of cancellation


   Skills:
 + Level 9.4 Fighting
 + Level 3.6 Short Blades
 + Level 7.7 Dodging
 + Level 4.8 Stealth
 * Level 3.3 Shields
 + Level 10.0 Spellcasting
 * Level 10.0 Conjurations
 + Level 4.6 Hexes
 + Level 5.9 Translocations


You had 13 spell levels left.
You knew the following spells:

 Your Spells              Type           Power      Damage    Failure   Level
a - Magic Dart            Conj           100%       1d8       1%          1
b - Searing Ray           Conj           100%       2d8       1%          2
c - Dazzling Flash        Conj/Hex       90%        N/A       1%          3
d - Fulminant Prism       Conj/Hex       22%        3d13      1%          4
e - Iskenderun's Mystic   Conj/Tloc      48%        2d11      1%          4
f - Conjure Flame         Conj/Fire      34%        6-21      1%          3

Your spell library contained the following spells:

 Spells                   Type           Power      Damage    Failure   Level
 Malign Gateway           Summ/Tloc      12%        N/A       100%        7
 Summon Horrible Things   Summ           5%         N/A       100%        8


Dungeon Overview and Level Annotations

Branches:
Dungeon (11/15)            Temple (1/1) D:6            Lair (0/5) D:10
    Orc (0/2) D:9         Ossuary (visited)

Altars:
Ashenzari
Elyvilon
Fedhas
Gozag
Hepliaklqana
Kikubaaqudgha
Makhleb
Nemelex Xobeh
Ru
Sif Muna
Vehumet
Wu Jian
The Shining One

Shops:
D:3 ?*   D:5 (   D:7 :


Innate Abilities, Weirdness & Mutations

You can breathe blasts of fire.
Your fiery red scales are hard. (AC +7)
You cannot fit into any form of body armour.
Your flesh is heat resistant. (rF+)
You are cold-blooded and may be slowed by cold attacks.


Message History

The komodo dragon is heavily wounded.
The komodo dragon bites you!
Casting: Iskenderun's Mystic Blast (mildly dangerous; 1% risk of failure)
Confirm with . or Enter, or press ? or * to list all spells.
Aiming: Searing Ray (safe; 1% risk of failure)
Press: ? - help, Shift-Dir - straight line, f - komodo dragon
Aim: a komodo dragon (heavily wounded, 87% to hit)
The searing ray hits the komodo dragon!
The komodo dragon is severely wounded. (Press . to maintain the ray.)
The komodo dragon bites you!
The searing ray hits the komodo dragon.
The komodo dragon is severely wounded.
You block the komodo dragon's attack.
The searing ray hits the komodo dragon.
The komodo dragon is almost dead.
The komodo dragon bites you!!
The searing ray hits the komodo dragon but does no damage.
The komodo dragon is almost dead.
You finish channelling your searing ray.
The komodo dragon bites you but does no damage.
You hit the komodo dragon but do no damage.
The komodo dragon is almost dead.
The komodo dragon bites you!!
You barely miss the komodo dragon.
Your tail-slap misses the komodo dragon.
The komodo dragon is severely wounded.
The komodo dragon bites you.
You hit the komodo dragon but do no damage.
You tail-slap the komodo dragon, but do no damage.
The komodo dragon is severely wounded.
You barely miss the komodo dragon.
You tail-slap the komodo dragon, but do no damage.
The komodo dragon is severely wounded.
The komodo dragon bites you!
* * * LOW HITPOINT WARNING * * *
You hit the komodo dragon but do no damage.
The komodo dragon is severely wounded.
The komodo dragon bites you!!
You die...

#.........#
###.........#
............#
............#
...........#
#........#######
#........l......
#.......@.......
#...#####.......
#...# .######
#...# .# ###.#
#.## #.# #..#
#.#####..+
#........#
#........#


You could see a komodo dragon.

Vanquished Creatures
  A two-headed ogre (D:9)
  Pikel (D:7)
  Joseph (D:7)
  2 trolls
  Grinder (D:4)
  A shadow (D:9)
  A wraith (D:10)
  2 wyverns (D:9)
  19 yaks
  Grum (D:9)
  Menkaure (D:7)
  2 acid dragons
  4 water moccasins (D:10)
  An ice beast (D:6)
  An orc warrior (D:10)
  3 black bears (D:10)
  An ogre (D:5)
  3 centaurs
  4 wolves (D:9)
  2 lemures (D:7)
  2 phantoms (D:9)
  5 kobold brigands
  2 bullfrogs
  2 necrophages
  3 scorpions
  12 killer bees
  3 quasits (D:7)
  3 hounds
  3 orc priests
  Crazy Yiuf (D:7)
  A gnoll bouda (D:6)
  Jessica (D:2)
  Ijyb (D:4)
  4 iguanas
  8 orc wizards
  8 ogre zombies (D:9)
  A hound skeleton (D:8)
  9 mummies
  7 adders
  9 gnolls
  3 shadow imps (D:7)
  5 white imps
  2 ufetubi (D:7)
  3 worms
  2 dart slugs
  19 orcs
  4 ball pythons
  2 bats
  10 endoplasms
  8 giant cockroaches
  A gnoll zombie (Ossuary)
  9 goblins
  9 hobgoblins
  4 quokkas
  A frilled lizard (D:2)
  2 goblin skeletons (D:9)
  4 goblin zombies (D:9)
  2 hobgoblin skeletons (D:9)
  4 hobgoblin zombies (Ossuary)
  37 kobolds
  A kobold zombie (Ossuary)
  3 orc skeletons (D:9)
  16 orc zombies
  6 rats
294 creatures vanquished.

Vanquished Creatures (others)
  A demonic plant (D:7)
  8 fulminant prisms
  50 fungi
  122 plants
  2 withered plants (D:1)
183 creatures vanquished.

Grand Total: 477 creatures vanquished

Notes
Turn   | Place    | Note
-------+----------+-------------------------------------------
     0 | D:1      | NimIero the Draconian Conjurer began the quest for the Orb.
     0 | D:1      | Reached XP level 1. HP: 14/14 MP: 3/3
   311 | D:1      | Reached XP level 2. HP: 20/20 MP: 0/5
   365 | D:1      | Learned a level 2 spell: Searing Ray
   956 | D:1      | Found a faded altar of an unknown god.
  1301 | D:2      | Noticed Jessica
  1308 | D:2      | Killed Jessica
  1309 | D:2      | Reached skill level 5 in Conjurations
  1309 | D:2      | Reached XP level 3. HP: 15/26 MP: 1/6
  1573 | D:2      | Learned a level 3 spell: Dazzling Flash
  1622 | D:2      | Reached XP level 4. HP: 29/33 MP: 2/7
  3086 | D:3      | Found Dojeoc's Assorted Antiques.
  3129 | D:3      | Found Rakh's Magic Scroll Emporium.
  3132 | D:3      | Bought a scroll of identify for 28 gold pieces
  3457 | D:3      | Found a white marble altar of Elyvilon.
  3703 | D:3      | Bought a scroll labelled LOETZAJ FAJAR for 29 gold pieces
  3844 | D:4      | Noticed Ijyb
  3856 | D:4      | Killed Ijyb
  3857 | D:4      | Reached XP level 5. HP: 19/38 MP: 0/9
  4130 | D:4      | Found an opulent altar of Gozag.
  4186 | D:4      | Noticed Grinder
  4194 | D:4      | Paralysed by Grinder for 4 turns
  4202 | D:4      | Killed Grinder
  4203 | D:4      | Reached skill level 1 in Short Blades
  4203 | D:4      | Reached XP level 6. HP: 27/45 MP: 1/10
  4207 | D:4      | Found a sand-covered staircase.
  4213 | Ossuary  | Entered an ossuary
  4545 | Ossuary  | Learned a level 4 spell: Fulminant Prism
  5466 | Ossuary  | Reached skill level 5 in Dodging
  5466 | Ossuary  | Your scales start taking on a fiery red colour.
  5466 | Ossuary  | Reached XP level 7. HP: 69/69 MP: 12/18
  5466 | Ossuary  | Gained mutation: Your flesh is heat resistant. (rF+) [Red
                  | Draconian growth]
  5512 | Ossuary  | Learned a level 4 spell: Iskenderun's Mystic Blast
  5512 | Ossuary  | Reached XP level 8. HP: 75/75 MP: 18/20
  5917 | D:3      | Bought a scroll of enchant armour for 105 gold pieces
  5938 | D:3      | Bought a scroll of identify for 58 gold pieces
  5938 | D:3      | Bought a fizzy orange potion for 26 gold pieces
  5994 | D:4      | Reached XP level 9. HP: 83/83 MP: 20/22
  5996 | D:5      | Entered Level 5 of the Dungeon
  6005 | D:5      | Found Jesulid's Weapon Boutique.
  6530 | D:5      | Reached XP level 10. HP: 65/91 MP: 9/23
  7357 | D:6      | Found a staircase to the Ecumenical Temple.
  7597 | D:6      | You fall into a shaft and drop 3 floors!
  7889 | D:7      | Noticed Pikel
  7930 | D:7      | Killed Pikel
  7931 | D:7      | Reached skill level 5 in Translocations
  8125 | D:7      | Found a runed translucent door.
  8126 | D:7      | Noticed Crazy Yiuf
  8134 | D:7      | Killed Crazy Yiuf
  8444 | D:6      | Found an ancient bone altar of Kikubaaqudgha.
  8756 | D:7      | Noticed Menkaure
  8756 | D:7      | Found Xeakkaggyuw's Book Boutique.
  8761 | D:7      | Killed Menkaure
  8761 | D:7      | Noticed Joseph
  9087 | D:7      | Killed Joseph
  9644 | D:7      | Found a broken altar of Ashenzari.
  9838 | Temple   | Entered the Ecumenical Temple
  9879 | Temple   | Became a worshipper of Vehumet
 10065 | D:8      | Found an ornate altar of the Wu Jian Council.
 10164 | D:8      | Found a hazy altar of Hepliaklqana.
 10421 | D:8      | Found a burning altar of Makhleb.
 10744 | D:9      | Reached * piety under Vehumet
 10744 | D:9      | Offered knowledge of Foxfire by Vehumet.
 10878 | D:9      | Found a staircase to the Orcish Mines.
 11028 | D:9      | Found a sparkling altar of Nemelex Xobeh.
 11087 | D:9      | Reached ** piety under Vehumet
 11087 | D:9      | Offered knowledge of Freeze by Vehumet.
 11210 | D:9      | Noticed a two-headed ogre
 11270 | D:9      | Killed a two-headed ogre
 11271 | D:9      | Reached skill level 1 in Shields
 11271 | D:9      | Reached XP level 11. HP: 96/97 MP: 20/24
 11886 | D:9      | Noticed Grum
 11906 | D:9      | Killed Grum
 12579 | D:10     | Entered Level 10 of the Dungeon
 12783 | D:10     | Offered knowledge of Frozen Ramparts by Vehumet.
 13091 | D:10     | Found a staircase to the Lair.
 13160 | D:10     | Reached *** piety under Vehumet
 13164 | D:10     | Reached skill level 10 in Spellcasting
 13796 | D:10     | Reached skill level 10 in Conjurations
 13800 | D:10     | Offered knowledge of Conjure Flame by Vehumet.
 13811 | D:10     | Found a blossoming altar of Fedhas.
 13815 | D:10     | Found a shimmering blue altar of Sif Muna.
 14122 | D:10     | Learned a level 3 spell: Conjure Flame
 14159 | D:11     | Mangled by a komodo dragon

Illustrated notes

Levels and vault maps discovered:
D:1:      lightli_arrival_quake, layout_loops_ring,
          shapermc_ecumenical_altar_flowoftime, grunt_decor_resistance,
          chequers_serial_rivers_small_3
D:2:      minmay_inner_zag, layout_loops_ring, serial_park_tiny_pond,
          minmay_liquid_box, uniq_jessica
D:3:      layout_rooms, nicolae_elyvilon_peaceful_grove, serial_shops,
          nicolae_shop_statue_plus, nicolae_shop_stone
D:4:      layout_basic, mainiacjoe_overflow_chevrons, gup_ossuary_entry_pyramid,
          uniq_ijyb, uniq_grinder
D:5:      layout_rooms, serial_shops, nicolae_diamond_shop,
          kennysheep_generic_room_9
D:6:      layout_rooms, lemuel_round_altar, minmay_temple_entry_antechambers,
          gup_sewer_entry_bowl
D:7:      layout_loops_ring, nicolae_ashenzari_skybound, serial_shops,
          nicolae_stop_n_shop_2, serial_demonic, serial_demonic_a,
          serial_demonic_e, serial_demonic_a, serial_demonic_b, glass_columns_a,
          uniq_pikel, uniq_crazy_yiuf_cottage, uniq_joseph, uniq_menkaure
D:8:      layout_loops_ring, nzn_wu_jian_contemplation,
          worldfamousw_hep_ancestral_shrine, makhleb_blood_cavern_becter
D:9:      layout_small_grid, kennysheep_little_box, zombieorc2_lemuel,
          enter_bailey_5, kennysheep_boxes, uniq_grum
D:10:     layout_gridville, grunt_temple_overflow_open,
          due_lair_maze_entry_diamond
D:11:     layout_irregular_city
Temple:   minmay_temple_forest_path

Skill      XL: |  1  2  3  4  5  6  7  8  9 10 11 |
---------------+----------------------------------+-----
Dodging        | 2 3 5 7 |  7.7
Conjurations   | 5 6 7 8 9 10 | 10.0
Stealth        | 2 3 4 |  4.8
Short Blades   | 1 2 3 |  3.6
Spellcasting   | 3 7 8 9 10 | 10.0
Fighting       | 8 9 |  9.4
Hexes          | 3 4 |  4.6
Translocations | 3 4 5 |  5.9
Shields        | 1 3 |  3.3

Action                   |  1- 3 |  4- 6 |  7- 9 | 10-12 || total
-------------------------+-------+-------+-------+-------++-------
Melee: Dagger            |    32 |    93 |     3 |   303 ||   431
       Tailslap          |     3 |    13 |       |    54 ||    70
       Punch             |       |     1 |       |       ||     1
 Cast: Magic Dart        |    25 |    55 |    16 |    99 ||   195
       Searing Ray       |     7 |    26 |     6 |    72 ||   111
       Dazzling Flash    |       |     1 |       |       ||     1
       Iskenderun's Myst |       |       |     3 |    63 ||    66
       Fulminant Prism   |       |       |     2 |     6 ||     8
  Use: Scroll            |     1 |     7 |     5 |    19 ||    32
       Potion            |       |     1 |     2 |       ||     3
 Stab: Sleeping          |     1 |     3 |       |     3 ||     7
       Distracted        |       |       |       |     1 ||     1
Armor: Skin              |    14 |    30 |       |   167 ||   211
Dodge: Dodged            |    21 |    63 |     3 |   250 ||   337
Block: Buckler           |       |       |       |    76 ||    76
